 Dungeon Crawl Stone Soup version 0.28-a0-1404-g4df0f3684d (webtiles) character file.

Game seed: 2475530480370056511

450 flotson the Ducker (level 6, -1/47 HPs)
             Began as a Demonspawn Gladiator on Jan 6, 2022.
             Slain by a water moccasin skeleton (4 damage)
             ... on level 4 of the Dungeon.
             The game lasted 00:04:38 (4132 turns).

flotson the Ducker (Demonspawn Gladiator)           Turns: 4132, Time: 00:04:38

Health: -1/47      AC:  6    Str: 16    XL:     6   Next: 74%
Magic:  6/6        EV: 12    Int:  9    God:
Gold:   177        SH:  0    Dex: 15    Spells: 5/5 levels left

rFire   . . .      SeeInvis .   a - +0 war axe
rCold   . . .      Faith    .   (no shield)
rNeg    . . .      Spirit   .   c - +0 ring mail
rPois   .          Reflect  .   (helmet restricted)
rElec   .          Harm     .   j - scarf {repulsion}
rCorr   .          Rampage  .   r - +0 pair of gloves
Will    .....                   (no boots)
Stlth   +.........              (no amulet)
HPRegen 0.15/turn               (no ring)
MPRegen 0.10/turn               (no ring)

@: repel missiles
A: antennae 1, powered by pain 1
a: no special abilities


You were on level 4 of the Dungeon.
You visited 1 branch of the dungeon, and saw 4 of its levels.

You collected 177 gold pieces.

Inventory:

Hand Weapons
 a - a +0 war axe (weapon)
Missiles
 d - 2 throwing nets (quivered)
 f - 14 poisoned darts
 k - 5 datura-tipped darts
Armour
 c - a +0 ring mail (worn)
 j - a scarf of repulsion (worn)
 r - a +0 pair of gloves (worn)
Wands
 q - a wand of flame (18)
Scrolls
 b - a scroll of silence {unknown}
 e - a scroll of teleportation {unknown}
 h - a scroll of holy word {unknown}
 i - 2 scrolls of fear {unknown}
 l - a scroll of blinking {unknown}
 m - a scroll of torment {unknown}
 n - a scroll of identify {unknown}
Potions
 g - 2 potions of attraction {unknown}
 o - a potion of curing {unknown}
 p - 3 potions of haste {unknown}


   Skills:
 + Level 3.5 Fighting
 + Level 3.8 Axes
 + Level 3.2 Throwing
 + Level 2.5 Armour
 + Level 3.9 Dodging
 + Level 1.3 Evocations


You had 5 spell levels left.
You didn't know any spells.
Your spell library contained the following spells:

 Spells                   Type           Power      Damage    Failure   Level
 Freeze                   Ice            0%         1d3       58%         1
 Frozen Ramparts          Ice            0%         1d2       92%         3
 Summon Guardian Golem    Hex/Summ       0%         N/A       92%         3
 Hailstorm                Conj/Ice       0%         3d3       100%        4
 Orb of Destruction       Conj           0%         N/A       100%        7
 Spellforged Servitor     Conj/Summ      0%         N/A       100%        7


Dungeon Overview and Level Annotations

Branches:
Dungeon (4/15)
 Temple: D:4-7

Altars:


Innate Abilities, Weirdness & Mutations

You have a pair of small antennae on your head.
You sometimes gain a little power by taking damage.


Message History

Press: ? - help, Q - select action, (/) - cycle Shift-Dir - straight line, f - ogre
Aim: an ogre, wielding a +0 giant club (heavily wounded, 75% to hit)
You throw a poisoned dart. The poisoned dart hits the ogre.
The ogre is poisoned.
The ogre is heavily wounded.
The ogre looks more healthy.
You see here a giant cockroach corpse.
You hit the ogre.
The ogre is severely wounded.
The ogre misses you.
You hit the ogre.
The ogre is severely wounded.
The ogre hits you with a +0 giant club!
* * * LOW HITPOINT WARNING * * *
Throw: 3 throwing nets
Press: ? - help, Q - select action, (/) - cycle Shift-Dir - straight line, f/p - ogre
Aim: an ogre, wielding a +0 giant club (severely wounded, 75% to hit)
You throw a throwing net. The throwing net hits the ogre.
The ogre is caught in the net!
The ogre is severely wounded.
The ogre struggles against the net.
You catch the helpless ogre completely off-guard!
You hit the ogre.
The ogre is almost dead.
The ogre struggles against the net.
You hit the ogre.
You kill the ogre!
The water moccasin skeleton closely misses you.
You hit the water moccasin skeleton.
The water moccasin skeleton is lightly damaged.
The water moccasin skeleton bites you.
* * * LOW HITPOINT WARNING * * *
You closely miss the water moccasin skeleton.
The water moccasin skeleton is lightly damaged.
The water moccasin skeleton bites you but does no damage. x2
You completely miss the water moccasin skeleton.
The water moccasin skeleton is lightly damaged.
The water moccasin skeleton closely misses you.
The water moccasin skeleton bites you.
You die...

#####.....#.##.# #.##.......
............>..## #.##.......
######....#....รท###
#.##.......
#........#..##...###
#...#######
#..####...#..####...# ###...#
#.# #...#.## ###.## ###.## #.#
#...#.# #..## #..##
..#####.############..######..#
.###...........Z@............)#
.....##..#############..#######
########.## ##.####
.....###..## #....#
####.Z.....# ####.### #####...#
#...## ##### ###..# ####


You could see a water moccasin skeleton.

Vanquished Creatures
  2 ogres (D:4)
  A hound (D:4)
  Jessica (D:2)
  2 orc wizards (D:3)
  3 gnolls (D:3)
  A howler monkey skeleton (D:4)
  4 adders
  3 dart slugs
  7 orcs (D:3)
  5 bats
  9 endoplasms
  2 giant cockroaches
  10 goblins
  5 hobgoblins
  8 kobolds
  5 quokkas
  10 ball pythons
  2 frilled lizards (D:1)
  6 rats
86 creatures vanquished.

Notes
Turn   | Place    | Note
-------+----------+-------------------------------------------
     0 | D:1      | flotson the Demonspawn Gladiator began the quest for the
                  | Orb.
     0 | D:1      | Reached XP level 1. HP: 16/16 MP: 1/1
    85 | D:1      | Gained mutation: You sometimes gain a little power by
                  | taking damage. [demonic ancestry]
    85 | D:1      | Reached XP level 2. HP: 14/22 MP: 2/2
   497 | D:1      | Found a faded altar of an unknown god.
   707 | D:1      | Reached skill level 1 in Armour
   707 | D:1      | Reached XP level 3. HP: 28/28 MP: 3/3
  1726 | D:2      | Noticed Jessica
  1733 | D:2      | Killed Jessica
  1734 | D:2      | Gained mutation: You have a pair of small antennae on your
                  | head. [demonic ancestry]
  1734 | D:2      | Reached XP level 4. HP: 15/34 MP: 4/4
  2559 | D:3      | Reached XP level 5. HP: 40/40 MP: 5/5
  3765 | D:4      | Noticed an ogre
  3773 | D:4      | Killed an ogre
  3774 | D:4      | Reached XP level 6. HP: 47/47 MP: 6/6
  4101 | D:4      | Reached skill level 1 in Evocations
  4132 | D:4      | Slain by a water moccasin skeleton

Illustrated notes

Levels and vault maps discovered:
D:1:      lightli_molten_gateway, layout_basic, ebering_ecumenical_altar_hall,
          ebering_dispersal_statue_hall
D:2:      layout_rooms, uniq_jessica
D:3:      layout_basic, grunt_decor_clamped, minmay_misc_feat_hallway
D:4:      layout_rooms, grunt_ministairs_3

Skill      XL: |  1  2  3  4  5  6 |
---------------+-------------------+-----
Throwing       | 2 3 |  3.2
Armour         | 1 2 |  2.5
Dodging        | 3 |  3.9
Axes           | 3 |  3.8
Fighting       | 3 |  3.5
Evocations     | 1 |  1.3

Action                   |  1- 3 |  4- 6 || total
-------------------------+-------+-------++-------
Melee: War axe           |   108 |   143 ||   251
       Punch             |     6 |       ||     6
Throw: Dart              |       |    14 ||    14
       Throwing net      |       |     2 ||     2
  Use: Potion            |       |     1 ||     1
 Stab: Sleeping          |     3 |       ||     3
       Held in net/web   |       |     1 ||     1
Armor: Leather armour    |    41 |       ||    41
       Ring mail         |       |    49 ||    49
Dodge: Dodged            |    82 |   103 ||   185
       Repelled          |       |     3 ||     3

Table legend: (Time is in decaauts)
 A = Elapsed time spent in this place.
 B = Non-inter-level travel time spent in this place.
 C = Inter-level travel time spent in this place.
 D = Time resting spent in this place.
 E = Time spent auto-exploring this place.
 F = Levels seen in this place.
 G = Mean time per level.
                   A        B        C        D        E       F      G
               +--------+--------+--------+--------+--------+-----+--------+
         Total |   4216 |   4152 |     64 |      0 |   3411 |   4 | 1054.0 |
       Dungeon |   4216 |   4152 |     64 |      0 |   3411 |   4 | 1054.0 |
               +--------+--------+--------+--------+--------+-----+--------+

Top non-repeatable levels by time:
     D:3: 1570 daAuts
     D:1: 1360 daAuts
     D:4: 653 daAuts
     D:2: 631 daAuts
